Vegas Golden Knights vs Pittsburgh Penguins
Created - Saturday, June 8, 2024 at 08:33
Goals
|
| Vegas Golden Knights |
1 |
2 |
3 |
6 |
| Pittsburgh Penguins |
1 |
0 |
2 |
3 |
|
Shots
|
| Vegas Golden Knights |
16 |
7 |
14 |
37 |
| Pittsburgh Penguins |
12 |
6 |
10 |
28 |
|
1st period
1. Vegas Golden Knights , Reilly Smith 1 (Chris Kreider 1, Joe Pavelski 1) at 6:05 (PP)
2. Pittsburgh Penguins , Sam Reinhart 1 (Anders Lee 1, Ryan Suter 1) at 17:24 (PP)
Penalties :
Phillip Danault (PIT) for Holding (Minor) at 6:02, Leon Draisaitl (PIT) for Interference (Minor) at 13:33, Marc Staal (VGK) for Hooking (Minor) at 16:33
2nd period
3. Vegas Golden Knights , Tyler Bertuzzi 1 (Roman Josi 1, Jordan Staal 1) at 1:29
4. Vegas Golden Knights , Chris Kreider 1 (Sean Monahan 1, Joe Pavelski 2) at 17:11
Penalties :
Leon Draisaitl (PIT) for Holding (Minor) at 1:38, Roman Josi (VGK) for Roughing (Minor) at 5:48, Anders Lee (PIT) for Hooking (Minor) at 9:25, Travis Hamonic (VGK) for High sticking (Minor) at 18:44
3rd period
5. Vegas Golden Knights , Sean Monahan 1 (Chris Kreider 2, Joe Pavelski 3) at 1:34
6. Vegas Golden Knights , Sean Monahan 2 (Roman Josi 2) at 12:07
7. Pittsburgh Penguins , Anders Lee 1 (Jean-Gabriel Pageau 1, Mattias Ekholm 1) at 12:31 (PP)
8. Vegas Golden Knights , Joe Pavelski 1 (Chris Kreider 3) at 12:55 (PP)
9. Pittsburgh Penguins , Sam Reinhart 2 (Jean-Gabriel Pageau 2) at 13:27
Penalties :
Brian Dumoulin (PIT) for Hooking (Minor) at 6:22, Chris Kreider (VGK) for Hooking (Minor) at 12:19, J.J. Moser (PIT) for Hooking (Minor) at 12:50, Pavel Buchnevich (PIT) for Hooking (Minor) at 16:04
Goalie Stats
Alexandar Georgiev (VGK), 25 saves from 28 shots - (0.893), W, 1-0-0, 60:00 minutes
Akira Schmid (PIT), 31 saves from 37 shots - (0.838), L, 0-1-0, 60:00 minutes
Players Stats for Vegas Golden Knights
Player Name G A P +/- PIM S H SB GA TA FO MP PP MP PK MP
------------------------------------------------------------------------------------
Alex Chiasson 0 0 0 0 0 4 0 0 0 0 0/0 11:59 4:50 0:00
Chris Kreider 1 3 4 3 2 8 1 0 0 0 1/1 19:53 4:47 0:00
Eric Staal 0 0 0 0 0 1 1 0 0 1 5/9 10:14 0:00 2:04
Jack Roslovic 0 0 0 0 0 2 1 0 0 0 0/0 15:06 5:16 0:00
Joe Pavelski 1 3 4 3 0 3 1 2 0 0 5/7 19:48 4:47 0:00
John Marino 0 0 0 1 0 1 0 1 0 2 0/0 17:39 0:00 2:26
Jonathan Drouin 0 0 0 0 0 1 0 0 0 0 0/0 7:52 0:00 0:00
Jordan Staal 0 1 1 0 0 0 3 0 0 0 2/8 12:48 0:00 2:24
Marc Staal 0 0 0 0 2 0 1 1 0 2 0/0 16:28 0:00 2:17
Marc-Edouard Vlasic 0 0 0 0 0 1 0 2 0 0 0/0 15:19 0:00 2:35
Nikolaj Ehlers 0 0 0 0 0 2 2 0 0 0 1/4 17:27 5:16 0:00
Reilly Smith 1 0 1 0 0 2 3 0 0 0 1/1 17:34 4:47 0:20
Roman Josi 0 2 2 2 2 1 0 1 0 0 0/0 22:11 5:13 0:00
Sean Couturier 0 0 0 0 0 2 1 0 0 2 12/24 19:38 5:16 2:37
Sean Monahan 2 1 3 3 0 4 1 2 1 0 9/18 17:53 0:00 2:37
Shea Theodore 0 0 0 3 0 1 0 1 1 1 0/0 21:53 4:50 0:58
Travis Hamonic 0 0 0 0 2 1 0 0 0 2 0/0 14:57 0:00 1:46
Tyler Bertuzzi 1 0 1 0 0 3 0 0 1 0 0/0 16:16 5:13 0:00
Players Stats for Pittsburgh Penguins
Player Name G A P +/- PIM S H SB GA TA FO MP PP MP PK MP
------------------------------------------------------------------------------------
Anders Lee 1 1 2 0 2 6 4 0 1 1 1/1 17:01 2:35 1:10
Brian Dumoulin 0 0 0 -2 2 0 2 1 0 0 0/0 22:36 2:38 4:14
Colton Sissons 0 0 0 0 0 1 0 0 0 0 3/4 6:38 0:00 0:00
Erik Gudbranson 0 0 0 0 0 1 0 0 0 1 0/0 13:19 0:00 0:06
Erik Karlsson 0 0 0 -1 0 1 0 1 0 0 0/0 23:30 2:23 4:54
Gabriel Vilardi 0 0 0 0 0 3 1 0 0 0 1/1 6:38 0:00 0:00
J.J. Moser 0 0 0 0 2 0 1 0 0 0 0/0 13:38 0:00 0:53
Jean-Gabriel Pageau 0 2 2 0 0 1 3 0 1 0 6/13 16:09 2:35 0:20
Jordan Eberle 0 0 0 -2 0 2 0 0 1 0 0/1 16:52 0:00 0:00
Leon Draisaitl 0 0 0 -1 4 1 0 0 2 0 13/24 19:21 2:26 2:41
Mattias Ekholm 0 1 1 -1 0 0 1 1 1 0 0/0 23:30 2:23 4:54
Mitchell Marner 0 0 0 -1 0 1 0 0 3 0 1/3 20:52 2:26 4:38
Pavel Buchnevich 0 0 0 -1 2 1 2 1 0 0 3/6 20:42 2:26 4:13
Phillip Danault 0 0 0 -2 2 2 0 0 0 0 6/11 13:16 0:00 2:28
Ryan Johansen 0 0 0 -2 0 3 1 0 0 0 0/0 10:45 0:00 0:00
Ryan Suter 0 1 1 -2 0 0 2 2 0 1 0/0 23:44 2:38 5:09
Sam Reinhart 2 0 2 0 0 5 1 0 1 0 2/8 20:39 2:35 4:32
Tom Wilson 0 0 0 0 0 0 0 0 0 0 0/0 0:40 0:00 0:00
3 Stars
1 - Joe Pavelski (VGK)
2 - Sean Monahan (VGK)
3 - Chris Kreider (VGK)
Power Play
Vegas Golden Knights - 2 on 7 Attempt(s) - 28.57%
Pittsburgh Penguins - 2 on 4 Attempt(s) - 50.00%
Penalty Kill
Vegas Golden Knights - 2 on 4 Attempt(s) - 50.00%
- Score 0 goal in Penalty Kill
Pittsburgh Penguins - 5 on 7 Attempt(s) - 71.43%
- Score 0 goal in Penalty Kill
Team Stat
Vegas Golden Knights - Hits : 15 - Faceoff Wins : 36 - Blocked Shots : 10 - Penalty Minutes : 8
Pittsburgh Penguins - Hits : 18 - Faceoff Wins : 36 - Blocked Shots : 6 - Penalty Minutes : 14
Official
Referees : Kevin Pollock and Chris Rooney
Linesman : Andy McElman and Ryan Galloway
Game Notes
No Game Note
Finance
Level 1 -- Attendance: 5203 (86.72%) -- Ticket Income $520,300
Level 2 -- Attendance: 4747 (94.94%) -- Ticket Income $284,820
Level 3 -- Attendance: 2613 (87.10%) -- Ticket Income $91,455
Level 4 -- Attendance: 4569 (91.38%) -- Ticket Income $114,225
Luxury Box -- Attendance: 834 (83.40%) -- Ticket Income $166,800
Game was played at the Consol Energy Center.
Total Attendance: 17966 (89.83%)
Total Ticket Income: $1,177,600
Other Income: $412,160
Total Income: $1,589,760
Vegas Golden Knights
5 vs 5 Forward
Center Left Wing Right Wing Time % Phy DF OF
1 Sean Monahan Chris Kreider Joe Pavelski 35 1 2 2
2 Sean Couturier Nikolaj Ehlers Reilly Smith 30 1 2 2
3 Jordan Staal Tyler Bertuzzi Jack Roslovic 25 1 2 2
4 Eric Staal Jonathan Drouin Alex Chiasson 10 1 2 2
5 vs 5 Defense
Defense Defense Time % Phy DF OF
1 Roman Josi Shea Theodore 35 1 2 2
2 Marc Staal John Marino 30 1 2 2
3 Marc-Edouard Vlasic Travis Hamonic 25 1 2 2
4 Roman Josi Shea Theodore 10 1 2 2
PowerPlay Forward
Center Left Wing Right Wing Time % Phy DF OF
1 Joe Pavelski Chris Kreider Reilly Smith 50 1 2 2
2 Sean Couturier Nikolaj Ehlers Jack Roslovic 50 1 2 2
PowerPlay Defense
Defense Defense Time % Phy DF OF
1 Tyler Bertuzzi Roman Josi 50 1 2 2
2 Alex Chiasson Shea Theodore 50 1 2 2
Penalty Kill 4 Players Forward
Center Wing Time % Phy DF OF
1 Sean Couturier Sean Monahan 50 1 2 2
2 Eric Staal Jordan Staal 50 1 2 2
Penalty Kill 4 Players Defense
Defense Defense Time % Phy DF OF
1 John Marino Travis Hamonic 50 1 2 2
2 Marc-Edouard Vlasic Marc Staal 50 1 2 2
Penalty Kill - 3 Players Forward
Forward Time % Phy DF OF
1 Sean Couturier 50 1 2 2
2 Jordan Staal 50 1 2 2
Penalty Kill - 3 Players Defense
Defense Defense Time % Phy DF OF
1 John Marino Travis Hamonic 50 1 2 2
2 Eric Staal Marc Staal 50 1 2 2
4 vs 4 Forward
Center Wing Time % Phy DF OF
1 Joe Pavelski Chris Kreider 50 1 2 2
2 Jonathan Drouin Alex Chiasson 50 1 2 2
4 vs 4 Defense
Defense Defense Time % Phy DF OF
1 Roman Josi Shea Theodore 50 1 2 2
2 Marc-Edouard Vlasic John Marino 50 1 2 2
Last Minutes Offensive
Center Left Wing Right Wing Defense Defense
Joe Pavelski Chris Kreider Nikolaj Ehlers Roman Josi John Marino
Last Minutes Defensive
Center Left Wing Right Wing Defense Defense
Sean Couturier Jordan Staal Sean Monahan Marc Staal Travis Hamonic
Goaltenders
Starting : Alexandar Georgiev
Backup : Philipp Grubauer
Extra Forwards
Normal : Reilly Smith, Joe Pavelski, Chris Kreider - PP : Sean Monahan, Sean Couturier - PK : Reilly Smith
Extra Defensemen
Normal : John Marino, Roman Josi, Shea Theodore - PP : Marc Staal - PK : Shea Theodore, Roman Josi
Penalty Shots
Jack Roslovic, Sean Monahan, Joe Pavelski, Chris Kreider, Eric Staal
Pittsburgh Penguins
5 vs 5 Forward
Center Left Wing Right Wing Time % Phy DF OF
1 Leon Draisaitl Pavel Buchnevich Mitchell Marner 30 1 2 2
2 Jean-Gabriel Pageau Anders Lee Sam Reinhart 30 1 2 2
3 Phillip Danault Jordan Eberle Ryan Johansen 25 1 2 2
4 Colton Sissons Gabriel Vilardi Jordan Eberle 15 1 2 2
5 vs 5 Defense
Defense Defense Time % Phy DF OF
1 Erik Karlsson Mattias Ekholm 35 1 2 2
2 Ryan Suter Brian Dumoulin 35 1 2 2
3 Erik Gudbranson J.J. Moser 30 1 2 2
4 Erik Karlsson Mattias Ekholm 0 1 2 2
PowerPlay Forward
Center Left Wing Right Wing Time % Phy DF OF
1 Leon Draisaitl Pavel Buchnevich Mitchell Marner 50 1 2 2
2 Jean-Gabriel Pageau Anders Lee Sam Reinhart 50 1 2 2
PowerPlay Defense
Defense Defense Time % Phy DF OF
1 Erik Karlsson Mattias Ekholm 50 1 2 2
2 Ryan Suter Brian Dumoulin 50 1 2 2
Penalty Kill 4 Players Forward
Center Wing Time % Phy DF OF
1 Leon Draisaitl Mitchell Marner 50 1 2 2
2 Sam Reinhart Pavel Buchnevich 50 1 2 2
Penalty Kill 4 Players Defense
Defense Defense Time % Phy DF OF
1 Erik Karlsson Mattias Ekholm 50 1 2 2
2 Ryan Suter Brian Dumoulin 50 1 2 2
Penalty Kill - 3 Players Forward
Forward Time % Phy DF OF
1 Leon Draisaitl 50 1 2 2
2 Mitchell Marner 50 1 2 2
Penalty Kill - 3 Players Defense
Defense Defense Time % Phy DF OF
1 Erik Karlsson Mattias Ekholm 50 1 2 2
2 Ryan Suter Brian Dumoulin 50 1 2 2
4 vs 4 Forward
Center Wing Time % Phy DF OF
1 Leon Draisaitl Mitchell Marner 50 1 2 2
2 Sam Reinhart Pavel Buchnevich 50 1 2 2
4 vs 4 Defense
Defense Defense Time % Phy DF OF
1 Erik Karlsson Mattias Ekholm 50 1 2 2
2 Ryan Suter Brian Dumoulin 50 1 2 2
Last Minutes Offensive
Center Left Wing Right Wing Defense Defense
Leon Draisaitl Pavel Buchnevich Mitchell Marner Erik Karlsson Mattias Ekholm
Last Minutes Defensive
Center Left Wing Right Wing Defense Defense
Leon Draisaitl Pavel Buchnevich Mitchell Marner Erik Karlsson Mattias Ekholm
Goaltenders
Starting : Akira Schmid
Backup : Marc-Andre Fleury
Extra Forwards
Normal : Tom Wilson, Gabriel Vilardi, Phillip Danault - PP : Tom Wilson, Gabriel Vilardi - PK : Phillip Danault
Extra Defensemen
Normal : Erik Gudbranson, J.J. Moser, Ryan Suter - PP : Erik Gudbranson - PK : J.J. Moser, Ryan Suter
Penalty Shots
Leon Draisaitl, Mitchell Marner, Sam Reinhart, Pavel Buchnevich, Jean-Gabriel Pageau
% Time on Ice - Vegas Golden Knights
Lines # - Real PCT - Wanted PCT - Time Play
Normal Forward
1 - 33% - 35% - 15:02
2 - 27% - 30% - 12:03
3 - 22% - 25% - 9:59
4 - 18% - 10% - 7:52
Normal Defense
1 - 36% - 35% - 16:13
2 - 32% - 30% - 14:12
3 - 28% - 25% - 12:44
4 - 4% - 10% - 1:47
PP Forward
1 - 48% - 50% - 4:47
2 - 52% - 50% - 5:16
PP Defense
1 - 52% - 50% - 5:13
2 - 48% - 50% - 4:50
PK Forward
1 - 52% - 50% - 2:37
2 - 48% - 50% - 2:24
PK Defense
1 - 49% - 50% - 2:26
2 - 51% - 50% - 2:35
PK3 Forward
1 - 0% - 50%
2 - 0% - 50%
PK3 Defense
1 - 0% - 50%
2 - 0% - 50%
44 Forward
1 - 0% - 50%
2 - 0% - 50%
44 Defense
1 - 0% - 50%
2 - 0% - 50%
Last Minute Offensive - 0:00
Last Minute Defensive - 0:00
Total
Forward - 60:00
Defense - 60:00
|
% Time on Ice - Pittsburgh Penguins
Lines # - Real PCT - Wanted PCT - Time Play
Normal Forward
1 - 31% - 30% - 13:49
2 - 31% - 30% - 13:44
3 - 24% - 25% - 10:45
4 - 15% - 15% - 6:38
Normal Defense
1 - 36% - 35% - 16:13
2 - 35% - 35% - 15:57
3 - 28% - 30% - 12:46
4 - 0% - 0% - 0:00
PP Forward
1 - 49% - 50% - 2:26
2 - 51% - 50% - 2:35
PP Defense
1 - 48% - 50% - 2:23
2 - 52% - 50% - 2:38
PK Forward
1 - 51% - 50% - 5:06
2 - 49% - 50% - 4:57
PK Defense
1 - 49% - 50% - 4:54
2 - 51% - 50% - 5:09
PK3 Forward
1 - 0% - 50%
2 - 0% - 50%
PK3 Defense
1 - 0% - 50%
2 - 0% - 50%
44 Forward
1 - 0% - 50%
2 - 0% - 50%
44 Defense
1 - 0% - 50%
2 - 0% - 50%
Last Minute Offensive - 0:00
Last Minute Defensive - 0:00
Total
Forward - 60:00
Defense - 60:00
|
Play-by-Play
1st period
0:01 of 1st period - Sean Monahan wins face-off versus Leon Draisaitl in neutral zone.
0:27 of 1st period - Reilly Smith is hit by Mattias Ekholm and loses puck.
1:34 of 1st period - Snap shot by Sam Reinhart.
1:34 of 1st period - Shot Misses the Net.
1:36 of 1st period - Slapshot by Mattias Ekholm.
1:36 of 1st period - Shot Blocked by Marc-Edouard Vlasic.
1:38 of 1st period - Snap shot by Mattias Ekholm.
1:38 of 1st period - Shot Blocked by Sean Monahan.
2:02 of 1st period - Snap shot by Chris Kreider.
2:02 of 1st period - Deflect By Joe Pavelski.
2:02 of 1st period - Stopped by Akira Schmid without a rebound.
2:03 of 1st period - Anders Lee wins face-off versus Sean Couturier in Pittsburgh Penguins zone.
2:18 of 1st period - Slapshot by Anders Lee.
2:18 of 1st period - Stopped by Alexandar Georgiev with a rebound.
2:38 of 1st period - Off-side.
2:39 of 1st period - Leon Draisaitl wins face-off versus Jordan Staal in neutral zone.
2:48 of 1st period - Slapshot by Jack Roslovic.
2:48 of 1st period - Stopped by Akira Schmid with a rebound.
3:39 of 1st period - Snap shot by Sam Reinhart.
3:39 of 1st period - Deflect By Anders Lee.
3:39 of 1st period - Deflect By Sean Monahan.
3:39 of 1st period - Shot Misses the Net.
3:39 of 1st period - Puck is out of play.
3:40 of 1st period - Leon Draisaitl wins face-off versus Jordan Staal in Vegas Golden Knights zone.
4:14 of 1st period - Wrist shot by Chris Kreider.
4:14 of 1st period - Stopped by Akira Schmid with a rebound.
4:16 of 1st period - Slapshot by John Marino.
4:16 of 1st period - Deflect By J.J. Moser.
4:16 of 1st period - Stopped by Akira Schmid without a rebound.
4:17 of 1st period - Sam Reinhart wins face-off versus Sean Couturier in Pittsburgh Penguins zone.
4:36 of 1st period - Icing by Brian Dumoulin.
4:37 of 1st period - Jean-Gabriel Pageau wins face-off versus Eric Staal in Pittsburgh Penguins zone.
4:47 of 1st period - Icing by Alex Chiasson.
4:48 of 1st period - Eric Staal wins face-off versus Phillip Danault in Vegas Golden Knights zone.
5:03 of 1st period - Erik Gudbranson is hit by Marc Staal and loses puck.
5:24 of 1st period - Snap shot by Alex Chiasson.
5:24 of 1st period - Stopped by Akira Schmid with a rebound.
5:45 of 1st period - Slapshot by Alex Chiasson.
5:45 of 1st period - Stopped by Akira Schmid with a rebound.
5:47 of 1st period - Slapshot by John Marino.
5:47 of 1st period - Shot Misses the Net.
5:49 of 1st period - Wrist shot by John Marino.
5:49 of 1st period - Shot Misses the Net.
5:51 of 1st period - Snap shot by Jonathan Drouin.
5:51 of 1st period - Deflect By Alex Chiasson.
5:51 of 1st period - Stopped by Akira Schmid with a rebound.
6:02 of 1st period - Minor Penalty to Phillip Danault for Holding.
6:03 of 1st period - Joe Pavelski wins face-off versus Leon Draisaitl in Pittsburgh Penguins zone.
6:03 of 1st period - Snap shot by Chris Kreider.
6:03 of 1st period - Stopped by Akira Schmid with a rebound.
6:05 of 1st period - Slapshot by Reilly Smith.
6:05 of 1st period - Goal by Reilly Smith - Vegas Golden Knights : 1 - Pittsburgh Penguins : 0.
6:06 of 1st period - Chris Kreider wins face-off versus Leon Draisaitl in neutral zone.
6:15 of 1st period - Wrist shot by Mitchell Marner.
6:15 of 1st period - Stopped by Alexandar Georgiev with a rebound.
6:17 of 1st period - Wrist shot by Pavel Buchnevich.
6:17 of 1st period - Deflect By Leon Draisaitl.
6:17 of 1st period - Shot Misses the Net.
6:17 of 1st period - Puck is out of play.
6:18 of 1st period - Colton Sissons wins face-off versus Sean Couturier in Vegas Golden Knights zone.
6:54 of 1st period - Backhand shot by Chris Kreider.
6:54 of 1st period - Shot Blocked by Pavel Buchnevich.
7:30 of 1st period - Snap shot by Ryan Johansen.
7:30 of 1st period - Stopped by Alexandar Georgiev with a rebound.
7:32 of 1st period - Slapshot by Brian Dumoulin.
7:32 of 1st period - Shot Misses the Net.
7:34 of 1st period - Wrist shot by Phillip Danault.
7:34 of 1st period - Deflect By Jordan Eberle.
7:34 of 1st period - Stopped by Alexandar Georgiev without a rebound.
7:35 of 1st period - Sean Monahan wins face-off versus Jean-Gabriel Pageau in Vegas Golden Knights zone.
7:47 of 1st period - Jean-Gabriel Pageau is hit by Chris Kreider and loses puck.
8:56 of 1st period - Slapshot by Anders Lee.
8:56 of 1st period - Stopped by Alexandar Georgiev with a rebound.
8:58 of 1st period - Slapshot by Sam Reinhart.
8:58 of 1st period - Shot Misses the Net.
9:28 of 1st period - Snap shot by Chris Kreider.
9:28 of 1st period - Stopped by Akira Schmid with a rebound.
9:32 of 1st period - Snap shot by Jack Roslovic.
9:32 of 1st period - Stopped by Akira Schmid without a rebound.
9:33 of 1st period - Jean-Gabriel Pageau wins face-off versus Sean Monahan in Pittsburgh Penguins zone.
9:38 of 1st period - Snap shot by Anders Lee.
9:38 of 1st period - Stopped by Alexandar Georgiev without a rebound.
9:39 of 1st period - Joe Pavelski wins face-off versus Jean-Gabriel Pageau in Vegas Golden Knights zone.
9:39 of 1st period - Joe Pavelski is hit by Jean-Gabriel Pageau.
9:53 of 1st period - Chris Kreider is hit by Jean-Gabriel Pageau and loses puck.
10:06 of 1st period - Snap shot by Anders Lee.
10:06 of 1st period - Shot Misses the Net.
10:08 of 1st period - Wrist shot by Anders Lee.
10:08 of 1st period - Deflect By Sam Reinhart.
10:08 of 1st period - Stopped by Alexandar Georgiev without a rebound.
10:09 of 1st period - Leon Draisaitl wins face-off versus Sean Couturier in Vegas Golden Knights zone.
10:39 of 1st period - Snap shot by Phillip Danault.
10:39 of 1st period - Stopped by Alexandar Georgiev without a rebound.
10:40 of 1st period - Jordan Staal wins face-off versus Jordan Eberle in Vegas Golden Knights zone.
10:53 of 1st period - Wrist shot by Ryan Johansen.
10:53 of 1st period - Stopped by Alexandar Georgiev with a rebound.
10:55 of 1st period - Wrist shot by Phillip Danault.
10:55 of 1st period - Deflect By Jordan Eberle.
10:55 of 1st period - Shot Misses the Net.
10:55 of 1st period - Puck is out of play.
10:56 of 1st period - Sean Monahan wins face-off versus Leon Draisaitl in Vegas Golden Knights zone.
12:20 of 1st period - Wrist shot by Pavel Buchnevich.
12:20 of 1st period - Stopped by Alexandar Georgiev without a rebound.
12:21 of 1st period - Jean-Gabriel Pageau wins face-off versus Nikolaj Ehlers in Vegas Golden Knights zone.
13:07 of 1st period - Icing by Erik Karlsson.
13:08 of 1st period - Eric Staal wins face-off versus Leon Draisaitl in Pittsburgh Penguins zone.
13:33 of 1st period - Minor Penalty to Leon Draisaitl for Interference.
13:34 of 1st period - Sean Couturier wins face-off versus Pavel Buchnevich in Pittsburgh Penguins zone.
13:37 of 1st period - Wrist shot by Nikolaj Ehlers.
13:37 of 1st period - Stopped by Akira Schmid without a rebound.
13:38 of 1st period - Sean Couturier wins face-off versus Sam Reinhart in Pittsburgh Penguins zone.
13:45 of 1st period - Wrist shot by Nikolaj Ehlers.
13:45 of 1st period - Shot Misses the Net.
13:47 of 1st period - Slapshot by Shea Theodore.
13:47 of 1st period - Deflect By Sean Couturier.
13:47 of 1st period - Stopped by Akira Schmid with a rebound.
13:49 of 1st period - Slapshot by Sean Couturier.
13:49 of 1st period - Stopped by Akira Schmid without a rebound.
13:50 of 1st period - Phillip Danault wins face-off versus Joe Pavelski in Pittsburgh Penguins zone.
15:33 of 1st period - Penalty to Leon Draisaitl is over, Leon Draisaitl is back on ice.
15:46 of 1st period - Jonathan Drouin is hit by Sam Reinhart.
16:02 of 1st period - Marc-Edouard Vlasic is hit by Jean-Gabriel Pageau and loses puck.
16:33 of 1st period - Minor Penalty to Marc Staal for Hooking.
16:34 of 1st period - Leon Draisaitl wins face-off versus Sean Couturier in Vegas Golden Knights zone.
17:01 of 1st period - Sean Monahan is hit by Anders Lee and loses puck.
17:06 of 1st period - Snap shot by Sam Reinhart.
17:06 of 1st period - Stopped by Alexandar Georgiev without a rebound.
17:07 of 1st period - Jean-Gabriel Pageau wins face-off versus Eric Staal in Vegas Golden Knights zone.
17:24 of 1st period - Wrist shot by Sam Reinhart.
17:24 of 1st period - Goal by Sam Reinhart - Vegas Golden Knights : 1 - Pittsburgh Penguins : 1.
17:25 of 1st period - Sean Couturier wins face-off versus Phillip Danault in neutral zone.
17:42 of 1st period - Brian Dumoulin is hit by Reilly Smith and loses puck.
17:55 of 1st period - Wrist shot by Sam Reinhart.
17:55 of 1st period - Deflect By Anders Lee.
17:55 of 1st period - Shot Misses the Net.
17:55 of 1st period - Puck is out of play.
17:56 of 1st period - Sean Monahan wins face-off versus Jean-Gabriel Pageau in Vegas Golden Knights zone.
18:13 of 1st period - Wrist shot by Chris Kreider.
18:13 of 1st period - Shot Misses the Net.
18:15 of 1st period - Slapshot by Sean Monahan.
18:15 of 1st period - Shot Misses the Net.
18:17 of 1st period - Snap shot by Joe Pavelski.
18:17 of 1st period - Stopped by Akira Schmid with a rebound.
18:41 of 1st period - Snap shot by Joe Pavelski.
18:41 of 1st period - Shot Misses the Net.
18:43 of 1st period - Wrist shot by Sean Monahan.
18:43 of 1st period - Shot Misses the Net.
18:45 of 1st period - Snap shot by Sean Monahan.
18:45 of 1st period - Shot Misses the Net.
18:55 of 1st period - Wrist shot by Sean Monahan.
18:55 of 1st period - Shot Misses the Net.
19:20 of 1st period - Icing by Mattias Ekholm.
19:21 of 1st period - Sean Couturier wins face-off versus Jean-Gabriel Pageau in Pittsburgh Penguins zone.
19:22 of 1st period - Snap shot by Nikolaj Ehlers.
19:22 of 1st period - Shot Misses the Net.
19:24 of 1st period - Slapshot by Sean Couturier.
19:24 of 1st period - Shot Misses the Net.
19:26 of 1st period - Wrist shot by Sean Couturier.
19:26 of 1st period - Shot Misses the Net.
19:54 of 1st period - Wrist shot by Jonathan Drouin.
19:54 of 1st period - Shot Blocked by Erik Karlsson.
19:56 of 1st period - Snap shot by Alex Chiasson.
19:56 of 1st period - Shot Misses the Net.
19:58 of 1st period - Slapshot by Eric Staal.
19:58 of 1st period - Stopped by Akira Schmid without a rebound.
19:59 of 1st period - Pavel Buchnevich wins face-off versus Nikolaj Ehlers in Pittsburgh Penguins zone.
Goals for this period are 1 for Vegas Golden Knights vs 1 for Pittsburgh Penguins.
Shots for this period are 16 for Vegas Golden Knights vs 12 for Pittsburgh Penguins.
2nd period
0:01 of 2nd period - Pavel Buchnevich wins face-off versus Sean Couturier in neutral zone.
0:07 of 2nd period - Off-side.
0:08 of 2nd period - Leon Draisaitl wins face-off versus Sean Couturier in neutral zone.
0:35 of 2nd period - Shea Theodore is hit by Ryan Johansen and loses puck.
0:46 of 2nd period - Wrist shot by Ryan Johansen.
0:46 of 2nd period - Stopped by Alexandar Georgiev without a rebound.
0:47 of 2nd period - Sean Couturier wins face-off versus Leon Draisaitl in Vegas Golden Knights zone.
0:47 of 2nd period - Sean Couturier is hit by Pavel Buchnevich.
0:53 of 2nd period - Snap shot by Leon Draisaitl.
0:53 of 2nd period - Stopped by Alexandar Georgiev with a rebound.
1:13 of 2nd period - Jordan Eberle is hit by Jordan Staal and loses puck.
1:17 of 2nd period - Icing by J.J. Moser.
1:18 of 2nd period - Jordan Staal wins face-off versus Phillip Danault in Pittsburgh Penguins zone.
1:21 of 2nd period - Wrist shot by Tyler Bertuzzi.
1:21 of 2nd period - Shot Misses the Net.
1:29 of 2nd period - Snap shot by Tyler Bertuzzi.
1:29 of 2nd period - Goal by Tyler Bertuzzi - Vegas Golden Knights : 2 - Pittsburgh Penguins : 1.
1:30 of 2nd period - Nikolaj Ehlers wins face-off versus Leon Draisaitl in neutral zone.
1:38 of 2nd period - Minor Penalty to Leon Draisaitl for Holding.
1:39 of 2nd period - Joe Pavelski wins face-off versus Sam Reinhart in Pittsburgh Penguins zone.
2:16 of 2nd period - Phillip Danault is hit by Nikolaj Ehlers.
3:38 of 2nd period - Penalty to Leon Draisaitl is over, Leon Draisaitl is back on ice.
3:46 of 2nd period - Snap shot by Jordan Eberle.
3:46 of 2nd period - Shot Misses the Net.
3:48 of 2nd period - Wrist shot by Colton Sissons.
3:48 of 2nd period - Stopped by Alexandar Georgiev with a rebound.
3:50 of 2nd period - Snap shot by Gabriel Vilardi.
3:50 of 2nd period - Stopped by Alexandar Georgiev without a rebound.
3:51 of 2nd period - Colton Sissons wins face-off versus Eric Staal in Vegas Golden Knights zone.
3:52 of 2nd period - Snap shot by Jordan Eberle.
3:52 of 2nd period - Shot Blocked by Marc Staal.
4:05 of 2nd period - Icing by Gabriel Vilardi.
4:06 of 2nd period - Gabriel Vilardi wins face-off versus Jordan Staal in Pittsburgh Penguins zone.
4:11 of 2nd period - Snap shot by Phillip Danault.
4:11 of 2nd period - Shot Misses the Net.
4:16 of 2nd period - Roman Josi is hit by J.J. Moser and loses puck.
5:25 of 2nd period - Chris Kreider is hit by Anders Lee and loses puck.
5:32 of 2nd period - Sam Reinhart is hit by Joe Pavelski and loses puck.
5:37 of 2nd period - Wrist shot by Chris Kreider.
5:37 of 2nd period - Stopped by Akira Schmid without a rebound.
5:38 of 2nd period - Leon Draisaitl wins face-off versus Jordan Staal in Pittsburgh Penguins zone.
5:48 of 2nd period - Minor Penalty to Roman Josi for Roughing.
5:49 of 2nd period - Leon Draisaitl wins face-off versus Eric Staal in Vegas Golden Knights zone.
5:55 of 2nd period - Wrist shot by Mitchell Marner.
5:55 of 2nd period - Shot Blocked by Marc-Edouard Vlasic.
6:28 of 2nd period - Backhand shot by Jean-Gabriel Pageau.
6:28 of 2nd period - Shot Blocked by Sean Monahan.
6:40 of 2nd period - Mattias Ekholm is hit by Jordan Staal and loses puck.
7:48 of 2nd period - Penalty to Roman Josi is over, Roman Josi is back on ice.
8:14 of 2nd period - Snap shot by Gabriel Vilardi.
8:14 of 2nd period - Deflect By Roman Josi.
8:14 of 2nd period - Shot Misses the Net.
8:14 of 2nd period - Puck is out of play.
8:15 of 2nd period - Phillip Danault wins face-off versus Sean Couturier in Vegas Golden Knights zone.
9:25 of 2nd period - Minor Penalty to Anders Lee for Hooking.
9:26 of 2nd period - Sean Couturier wins face-off versus Sam Reinhart in Pittsburgh Penguins zone.
9:51 of 2nd period - Shea Theodore is hit by Ryan Suter and loses puck.
10:02 of 2nd period - Snap shot by Chris Kreider.
10:02 of 2nd period - Shot Misses the Net.
10:46 of 2nd period - Pavel Buchnevich is hit by Nikolaj Ehlers and loses puck.
11:25 of 2nd period - Penalty to Anders Lee is over, Anders Lee is back on ice.
11:37 of 2nd period - Snap shot by Gabriel Vilardi.
11:37 of 2nd period - Shot Misses the Net.
11:53 of 2nd period - Wrist shot by Erik Karlsson.
11:53 of 2nd period - Stopped by Alexandar Georgiev with a rebound.
11:55 of 2nd period - Backhand shot by Erik Karlsson.
11:55 of 2nd period - Shot Blocked by Roman Josi.
11:57 of 2nd period - Wrist shot by Phillip Danault.
11:57 of 2nd period - Shot Blocked by Joe Pavelski.
12:07 of 2nd period - Tyler Bertuzzi is hit by Anders Lee and loses puck.
12:48 of 2nd period - Pavel Buchnevich is hit by Jack Roslovic and loses puck.
13:37 of 2nd period - Icing by Sean Couturier.
13:38 of 2nd period - Reilly Smith wins face-off versus Colton Sissons in Vegas Golden Knights zone.
13:54 of 2nd period - Snap shot by Gabriel Vilardi.
13:54 of 2nd period - Deflect By Colton Sissons.
13:54 of 2nd period - Shot Misses the Net.
13:54 of 2nd period - Puck is out of play.
13:55 of 2nd period - Sean Monahan wins face-off versus Pavel Buchnevich in Vegas Golden Knights zone.
14:26 of 2nd period - Snap shot by Chris Kreider.
14:26 of 2nd period - Shot Misses the Net.
14:28 of 2nd period - Snap shot by Roman Josi.
14:28 of 2nd period - Deflect By Chris Kreider.
14:28 of 2nd period - Stopped by Akira Schmid without a rebound.
14:29 of 2nd period - Phillip Danault wins face-off versus Nikolaj Ehlers in Pittsburgh Penguins zone.
14:29 of 2nd period - Phillip Danault is hit by Reilly Smith.
15:03 of 2nd period - Jean-Gabriel Pageau is hit by Jordan Staal and loses puck.
15:18 of 2nd period - Slapshot by Alex Chiasson.
15:18 of 2nd period - Shot Misses the Net.
15:20 of 2nd period - Slapshot by Travis Hamonic.
15:20 of 2nd period - Shot Blocked by Mattias Ekholm.
15:22 of 2nd period - Slapshot by Travis Hamonic.
15:22 of 2nd period - Stopped by Akira Schmid with a rebound.
15:24 of 2nd period - Snap shot by Jonathan Drouin.
15:24 of 2nd period - Deflect By Erik Karlsson.
15:24 of 2nd period - Stopped by Akira Schmid with a rebound.
17:09 of 2nd period - Wrist shot by Sean Monahan.
17:09 of 2nd period - Stopped by Akira Schmid with a rebound.
17:11 of 2nd period - Snap shot by Chris Kreider.
17:11 of 2nd period - Goal by Chris Kreider - Vegas Golden Knights : 3 - Pittsburgh Penguins : 1.
17:12 of 2nd period - Sean Couturier wins face-off versus Leon Draisaitl in neutral zone.
17:29 of 2nd period - Snap shot by Leon Draisaitl.
17:29 of 2nd period - Shot Misses the Net.
17:48 of 2nd period - Off-side.
17:49 of 2nd period - Leon Draisaitl wins face-off versus Sean Monahan in neutral zone.
18:22 of 2nd period - Wrist shot by Jordan Eberle.
18:22 of 2nd period - Stopped by Alexandar Georgiev without a rebound.
18:23 of 2nd period - Phillip Danault wins face-off versus Jordan Staal in Vegas Golden Knights zone.
18:44 of 2nd period - Minor Penalty to Travis Hamonic for High sticking.
18:45 of 2nd period - Leon Draisaitl wins face-off versus Sean Couturier in Vegas Golden Knights zone.
19:21 of 2nd period - Wrist shot by Anders Lee.
19:21 of 2nd period - Shot Misses the Net.
19:36 of 2nd period - Off-side.
19:37 of 2nd period - Sean Couturier wins face-off versus Jean-Gabriel Pageau in neutral zone.
19:40 of 2nd period - Slapshot by Sean Couturier.
19:40 of 2nd period - Shot Blocked by Ryan Suter.
Goals for this period are 2 for Vegas Golden Knights vs 0 for Pittsburgh Penguins.
Shots for this period are 7 for Vegas Golden Knights vs 6 for Pittsburgh Penguins.
3rd period
0:01 of 3rd period - Jean-Gabriel Pageau wins face-off versus Sean Couturier in neutral zone.
0:14 of 3rd period - Snap shot by Sam Reinhart.
0:14 of 3rd period - Stopped by Alexandar Georgiev without a rebound.
0:15 of 3rd period - Eric Staal wins face-off versus Pavel Buchnevich in Vegas Golden Knights zone.
0:44 of 3rd period - Penalty to Travis Hamonic is over, Travis Hamonic is back on ice.
1:24 of 3rd period - Icing by John Marino.
1:25 of 3rd period - Leon Draisaitl wins face-off versus Sean Monahan in Vegas Golden Knights zone.
1:26 of 3rd period - Wrist shot by Pavel Buchnevich.
1:26 of 3rd period - Shot Blocked by John Marino.
1:34 of 3rd period - Slapshot by Sean Monahan.
1:34 of 3rd period - Goal by Sean Monahan - Vegas Golden Knights : 4 - Pittsburgh Penguins : 1.
1:35 of 3rd period - Sean Monahan wins face-off versus Leon Draisaitl in neutral zone.
1:40 of 3rd period - Slapshot by Shea Theodore.
1:40 of 3rd period - Deflect By Pavel Buchnevich.
1:40 of 3rd period - Stopped by Akira Schmid without a rebound.
1:41 of 3rd period - Mitchell Marner wins face-off versus Sean Monahan in Pittsburgh Penguins zone.
1:48 of 3rd period - Snap shot by Mitchell Marner.
1:48 of 3rd period - Shot Blocked by Joe Pavelski.
2:12 of 3rd period - Wrist shot by Anders Lee.
2:12 of 3rd period - Stopped by Alexandar Georgiev without a rebound.
2:13 of 3rd period - Sean Couturier wins face-off versus Jean-Gabriel Pageau in Vegas Golden Knights zone.
2:51 of 3rd period - Off-side.
2:52 of 3rd period - Sean Monahan wins face-off versus Mitchell Marner in neutral zone.
3:18 of 3rd period - Roman Josi is hit by Ryan Suter and loses puck.
4:01 of 3rd period - Anders Lee is hit by Sean Couturier and loses puck.
4:15 of 3rd period - Icing by Sam Reinhart.
4:16 of 3rd period - Leon Draisaitl wins face-off versus Sean Monahan in Pittsburgh Penguins zone.
4:30 of 3rd period - Snap shot by Sean Monahan.
4:30 of 3rd period - Stopped by Akira Schmid with a rebound.
4:32 of 3rd period - Snap shot by Marc-Edouard Vlasic.
4:32 of 3rd period - Stopped by Akira Schmid with a rebound.
5:10 of 3rd period - Wrist shot by Gabriel Vilardi.
5:10 of 3rd period - Stopped by Alexandar Georgiev without a rebound.
5:11 of 3rd period - Colton Sissons wins face-off versus Sean Monahan in Vegas Golden Knights zone.
5:14 of 3rd period - Wrist shot by Gabriel Vilardi.
5:14 of 3rd period - Stopped by Alexandar Georgiev without a rebound.
5:15 of 3rd period - Sean Monahan wins face-off versus Leon Draisaitl in Vegas Golden Knights zone.
5:26 of 3rd period - Wrist shot by Chris Kreider.
5:26 of 3rd period - Stopped by Akira Schmid with a rebound.
6:16 of 3rd period - Snap shot by Tyler Bertuzzi.
6:16 of 3rd period - Shot Misses the Net.
6:22 of 3rd period - Minor Penalty to Brian Dumoulin for Hooking.
6:23 of 3rd period - Sam Reinhart wins face-off versus Joe Pavelski in Pittsburgh Penguins zone.
6:58 of 3rd period - Off-side.
6:59 of 3rd period - Sean Couturier wins face-off versus Mitchell Marner in neutral zone.
7:08 of 3rd period - Slapshot by Tyler Bertuzzi.
7:08 of 3rd period - Deflect By Leon Draisaitl.
7:08 of 3rd period - Stopped by Akira Schmid without a rebound.
7:09 of 3rd period - Sean Couturier wins face-off versus Sam Reinhart in Pittsburgh Penguins zone.
7:10 of 3rd period - Slapshot by Nikolaj Ehlers.
7:10 of 3rd period - Deflect By Sam Reinhart.
7:10 of 3rd period - Stopped by Akira Schmid with a rebound.
7:12 of 3rd period - Slapshot by Roman Josi.
7:12 of 3rd period - Stopped by Akira Schmid with a rebound.
7:14 of 3rd period - Slapshot by Tyler Bertuzzi.
7:14 of 3rd period - Stopped by Akira Schmid with a rebound.
7:16 of 3rd period - Slapshot by Roman Josi.
7:16 of 3rd period - Shot Misses the Net.
7:58 of 3rd period - Jack Roslovic is hit by Pavel Buchnevich and loses puck.
8:22 of 3rd period - Penalty to Brian Dumoulin is over, Brian Dumoulin is back on ice.
8:23 of 3rd period - Tyler Bertuzzi is hit by Brian Dumoulin.
8:45 of 3rd period - Wrist shot by Alex Chiasson.
8:45 of 3rd period - Stopped by Akira Schmid without a rebound.
8:46 of 3rd period - Sean Monahan wins face-off versus Phillip Danault in Pittsburgh Penguins zone.
9:17 of 3rd period - Snap shot by Sam Reinhart.
9:17 of 3rd period - Shot Misses the Net.
9:19 of 3rd period - Snap shot by Jean-Gabriel Pageau.
9:19 of 3rd period - Shot Misses the Net.
9:21 of 3rd period - Slapshot by Erik Gudbranson.
9:21 of 3rd period - Deflect By Alex Chiasson.
9:21 of 3rd period - Stopped by Alexandar Georgiev with a rebound.
10:08 of 3rd period - Slapshot by Phillip Danault.
10:08 of 3rd period - Stopped by Alexandar Georgiev without a rebound.
10:09 of 3rd period - Eric Staal wins face-off versus Phillip Danault in Vegas Golden Knights zone.
10:20 of 3rd period - Icing by Ryan Johansen.
10:21 of 3rd period - Phillip Danault wins face-off versus Sean Couturier in Pittsburgh Penguins zone.
10:47 of 3rd period - Pavel Buchnevich is hit by Sean Monahan and loses puck.
11:27 of 3rd period - Snap shot by Nikolaj Ehlers.
11:27 of 3rd period - Shot Misses the Net.
11:29 of 3rd period - Backhand shot by Marc-Edouard Vlasic.
11:29 of 3rd period - Shot Blocked by Brian Dumoulin.
11:31 of 3rd period - Slapshot by Travis Hamonic.
11:31 of 3rd period - Shot Blocked by Ryan Suter.
12:07 of 3rd period - Snap shot by Sean Monahan.
12:07 of 3rd period - Goal by Sean Monahan - Vegas Golden Knights : 5 - Pittsburgh Penguins : 1.
12:08 of 3rd period - Leon Draisaitl wins face-off versus Sean Monahan in neutral zone.
12:17 of 3rd period - Snap shot by Mitchell Marner.
12:17 of 3rd period - Shot Blocked by Shea Theodore.
12:19 of 3rd period - Minor Penalty to Chris Kreider for Hooking.
12:20 of 3rd period - Eric Staal wins face-off versus Jean-Gabriel Pageau in Vegas Golden Knights zone.
12:29 of 3rd period - Wrist shot by Jean-Gabriel Pageau.
12:29 of 3rd period - Stopped by Alexandar Georgiev with a rebound.
12:31 of 3rd period - Wrist shot by Jean-Gabriel Pageau.
12:31 of 3rd period - Deflect By Anders Lee.
12:31 of 3rd period - Goal by Anders Lee - Vegas Golden Knights : 5 - Pittsburgh Penguins : 2.
12:32 of 3rd period - Sean Couturier wins face-off versus Leon Draisaitl in neutral zone.
12:50 of 3rd period - Minor Penalty to J.J. Moser for Hooking.
12:51 of 3rd period - Joe Pavelski wins face-off versus Sam Reinhart in Pittsburgh Penguins zone.
12:55 of 3rd period - Snap shot by Joe Pavelski.
12:55 of 3rd period - Goal by Joe Pavelski - Vegas Golden Knights : 6 - Pittsburgh Penguins : 2.
12:56 of 3rd period - Leon Draisaitl wins face-off versus Sean Monahan in neutral zone.
13:25 of 3rd period - Slapshot by Anders Lee.
13:25 of 3rd period - Stopped by Alexandar Georgiev without a rebound.
13:26 of 3rd period - Jean-Gabriel Pageau wins face-off versus Jordan Staal in Vegas Golden Knights zone.
13:27 of 3rd period - Wrist shot by Sam Reinhart.
13:27 of 3rd period - Goal by Sam Reinhart - Vegas Golden Knights : 6 - Pittsburgh Penguins : 3.
13:28 of 3rd period - Phillip Danault wins face-off versus Sean Couturier in neutral zone.
14:12 of 3rd period - Off-side.
14:13 of 3rd period - Pavel Buchnevich wins face-off versus Sean Monahan in neutral zone.
14:28 of 3rd period - Wrist shot by Chris Kreider.
14:28 of 3rd period - Shot Misses the Net.
14:40 of 3rd period - Jordan Eberle is hit by Reilly Smith and loses puck.
15:46 of 3rd period - Wrist shot by Jack Roslovic.
15:46 of 3rd period - Shot Misses the Net.
15:52 of 3rd period - Snap shot by Chris Kreider.
15:52 of 3rd period - Stopped by Akira Schmid with a rebound.
16:04 of 3rd period - Minor Penalty to Pavel Buchnevich for Hooking.
16:05 of 3rd period - Joe Pavelski wins face-off versus Sam Reinhart in Pittsburgh Penguins zone.
16:06 of 3rd period - Wrist shot by Reilly Smith.
16:06 of 3rd period - Stopped by Akira Schmid with a rebound.
16:57 of 3rd period - Nikolaj Ehlers is hit by Brian Dumoulin and loses puck.
17:27 of 3rd period - Chris Kreider is hit by Anders Lee and loses puck.
18:04 of 3rd period - Penalty to Pavel Buchnevich is over, Pavel Buchnevich is back on ice.
18:09 of 3rd period - Sam Reinhart is hit by Eric Staal.
19:55 of 3rd period - Chris Kreider is hit by Gabriel Vilardi and loses puck.
Goals for this period are 3 for Vegas Golden Knights vs 2 for Pittsburgh Penguins.
Shots for this period are 14 for Vegas Golden Knights vs 10 for Pittsburgh Penguins.
Back to the Top